 Dungeon Crawl Stone Soup version 0.31.0-11-ge490571c62 (webtiles) character file.

Game seed: 12138220337486910228

35547 PieDemon the Marksspriggan (level 13, 0/65 HPs)
             Began as a Spriggan Hunter on Feb 1, 2024.
             Was an Elder of Dithmenos.
             Killed by divine providence
             ... invoked by an orc priest
              (7 damage)
             ... on level 2 of the Orcish Mines.
             The game lasted 02:38:53 (19335 turns).

PieDemon the Marksspriggan (Spriggan Hunter)       Turns: 19335, Time: 02:38:56

Health: 0/65       AC:  4    Str:  7    XL:     13   Next: 48%
Magic:  14/14      EV: 37    Int: 11    God:    Dithmenos [****..]
Gold:   1245       SH:  0    Dex: 23    Spells: 10/12 levels left

rFire   . . .        a - +0 orcbow (freeze)
rCold   . . .        (shield currently unavailable)
rNeg    . . .        d - +2 robe {Will+}
rPois   .            (helmet restricted)
rElec   .            (no cloak)
rCorr   .            (gloves unavailable)
SInv    +            (boots unavailable)
Will    ++++.        A - amulet of regeneration
Stlth   +++++++++    H - ring of willpower
HPRegen 1.10/turn    D - +5 ring of evasion
MPRegen 0.14/turn

%: no passive effects
@: wreathed by umbra, very quick
A: very small, no large weapons, unfitting armour, see invisible, speed 3
a: Renounce Religion, Shadow Step


You were on level 2 of the Orcish Mines.
You worshipped Dithmenos.
Dithmenos was greatly pleased with you.
You visited 6 branches of the dungeon, and saw 24 of its levels.
You also visited: Sewer.

You collected 1245 gold pieces.

Inventory:

Hand Weapons
 a - a +0 orcbow of freezing (weapon)
 b - a +0 arbalest
 c - a +1 rapier of electrocution
Armour
 d - a +2 robe of willpower (worn)
 r - a +0 buckler
Jewellery
 f - a ring of protection from cold
 i - a ring of fire
 A - an amulet of regeneration (around neck)
 D - a +5 ring of evasion (right hand)
 H - a ring of willpower (left hand)
 K - an amulet of reflection
Wands
 v - a wand of flame (42)
 y - a wand of light (6)
 B - a wand of polymorph (8)
 E - a wand of digging (4)
 M - a wand of roots (3)
 N - a wand of paralysis (11)
Scrolls
 j - 3 scrolls of teleportation
 k - a scroll of amnesia
 l - a scroll of blinking
 m - 2 scrolls of enchant armour
 o - 4 scrolls of vulnerability
 t - 6 scrolls of revelation
 u - 5 scrolls of enchant weapon
 G - 2 scrolls of identify
 I - a scroll of butterflies
 J - 2 scrolls of immolation
 L - a scroll of silence
 O - a scroll of fog
 P - a scroll of torment {unknown}
Potions
 e - a potion of haste
 g - 4 potions of curing
 h - 3 potions of cancellation
 n - 2 potions of heal wounds
 p - a potion of might
 q - 2 potions of lignification
 s - 2 potions of invisibility
 w - 3 potions of magic
 x - 4 potions of enlightenment
 C - a potion of berserk rage
 F - 4 potions of attraction
Miscellaneous
 z - a phantom mirror


   Skills:
 - Level 6.0 Fighting
 * Level 17.2 Ranged Weapons
 + Level 15.1 Dodging
 - Level 14.0 Stealth


You had 10 spell levels left.
You knew the following spells:

 Your Spells              Type           Power      Damage    Failure   Level
a - Cigotuvi's Dreadful   Necr/Alch/Air  0%         N/A       47%         2

Your spell library contained the following spells:

 Spells                   Type           Power      Damage    Failure   Level
 Freeze                   Ice            0%         1d3       34%         1
 Sting                    Conj/Alch      0%         1d3       34%         1
 Mercury Vapours          Alch/Air       0%         N/A       47%         2
 Frozen Ramparts          Ice            0%         1d1       71%         3
 Hailstorm                Conj/Ice       0%         3d5       71%         3
 Mephitic Cloud           Conj/Alch/Air  0%         N/A       71%         3
 Animate Armour           Summ/Erth      0%         N/A       98%         4
 Dispel Undead            Necr           0%         3d6       98%         4
 Ignite Poison            Fire/Alch      0%         N/A       98%         4
 Martyr's Knell           Necr/Summ      0%         N/A       98%         4
 Olgreb's Toxic Radiance  Alch           0%         N/A       98%         4
 Sticky Flame             Fire/Alch      0%         2d4       98%         4
 Summon Lightning Spire   Summ/Air       0%         N/A       98%         4
 Freezing Cloud           Conj/Ice/Air   0%         6-21      100%        5
 Lee's Rapid Deconstruct  Erth           0%         3d4*      100%        5
 Summon Forest            Summ/Tloc      0%         N/A       100%        5
 Summon Mana Viper        Hex/Summ       0%         N/A       100%        5
 Death Channel            Necr           0%         N/A       100%        6
 Eringya's Noxious Bog    Alch           0%         4d6       100%        6
 Summon Cactus Giant      Summ           0%         N/A       100%        6
 Summon Hydra             Summ           0%         N/A       100%        7
 Ignition                 Fire           0%         3d3       100%        8


Dungeon Overview and Level Annotations

Branches:
Dungeon (13/15)            Temple (1/1) D:4            Lair (5/5) D:11
  Swamp (1/4) Lair:2       Spider (2/4) Lair:3        Slime (0/5) Lair:4
    Orc (2/2) D:9             Elf (0/3) Orc:2         Sewer (visited)
 Vaults: D:13-14

Altars:
Ashenzari
Cheibriados
Dithmenos
Elyvilon
Fedhas
Gozag
Hepliaklqana
Kikubaaqudgha
Makhleb
Nemelex Xobeh
Okawaru
Qazlal
Ru
Sif Muna
Trog
Uskayaw
Vehumet
Wu Jian
Xom
Yredelemnul
Zin
The Shining One

Shops:
D:5 [   Orc:2 !(

Portals:
Trove: D:11 (give +2 ice dragon scales)

Annotations:
D:5 exclusion: upstairs
D:6 exclusion: 3 adders, Jeremiah
D:7 exclusions: iguana, 2 kobolds and 3 orcs
D:8 exclusion: 2 kobolds
D:9 exclusions: centaur, 6 kobolds, kobold brigand, orc, orc warrior, orc wizard and wight, Harold
D:10 exclusion: 4 kobolds
D:11 exclusions: acid dragon and 2 manticores
D:12 exclusion: howler monkey
D:13 exclusion: ugly thing
Lair:1 exclusion: bullfrog
Lair:2 exclusions: 4 blink frogs and electric eel
Lair:3 Nessos
Lair:4 exclusions: bullfrog and yak
Swamp:1 exclusion: swamp dragon
Spider:2 exclusions: culicivora, 2 jumping spiders, tarantella and torpor snail
Orc:1 2 transporters, Gastronok; Jokingforfun's ghost, journeyman TeCj; Josephine
Orc:2 exclusions: upstairs and 1 more exclusion


Innate Abilities, Weirdness & Mutations

You are very small and have problems with some larger weapons.
You are too small for most types of armour.
You have supernaturally acute eyesight. (SInv)
You cover ground extremely quickly. (Speed+++)


Message History

The orc priest completely misses you.
The orc knight roars a battlecry!
The orc priest goes into a battle-frenzy!
You hear a shout! x2
An orc priest comes into view. It is wielding a +0 hand axe.
An orc priest comes into view. It is wielding a +0 mace.
The orc priest completely misses you. The orc hits you with a +0 short sword.
The orc priest attacks as it pursues you!
The orc priest closely misses you.
The orc priest moves out of view.
An orc comes into view. It is wielding a +0 hand axe.
The orc priest shouts! x2
The orc priest miscasts a cantrip.
The orc priest completely misses you. The orc barely misses you.
The orc warrior completely misses you.
An orc priest comes into view. It is wielding a +0 trident.
The orc priest shouts!
An orc priest and 2 orcs come into view.
The orc shouts! x2; The orc priest shouts!
The orc priest looks satisfied for a moment.
Unknown command.
The orc priest calls down the wrath of Beogh upon you.
Beogh smites you!
The orc priest calls down the wrath of Beogh upon you.
Beogh smites you!
The orc priest looks encouraged for a moment.
The orc priest invokes the aid of Beogh against you.
Beogh smites you!
Unknown command.
Unknown command.
Press: ? - help, v - describe, . - travel
Here: an orc priest, wielding a +0 mace and wearing a +0 leather armour (umbra)
The floor.
The orc priest mumbles some strange prayers to Beogh against you.
Beogh smites you!
The orc priest calls down the wrath of Beogh upon you.
Beogh smites you!
* * * LOW HITPOINT WARNING * * *
The orc priest calls down the wrath of Beogh upon you.
Beogh smites you!
You die...

###############.....#..##
....o..E○☼...##....#...# ##
..............#.......## .##
###o.######...e........# ..#
#..# #...........## ..##
..#..# #..#.........##...##
..#..# #o.............#...#
###o.#. #.........##......#
o....##'###..oo.@........#.##
.8o...oe.oo..oo.o.o.....##.##
oo.ooo...o......o......##...#
..T.o# '###..ooo..#........#
.....# #...o............#
###.o# #.oo.o........#....# #
#oO# #..#.....#...##.....
###eo######o.##...#.....#
.#.#
.....o.o.....##....#...#...#
#


You could see a deep elf pyromancer (wandering), an orc warrior, 11 orc priests,
an orc wizard (invisible) and 6 orcs.

Vanquished Creatures
  3 hydras (Lair:4)
  A radroach (Spider:1)
  2 two-headed ogres (D:11)
  5 death yaks (Lair:4)
  An orc high priest (D:9)
  An orb spider (Spider:1)
  A steelbarb worm (Spider:1)
  An orc knight (Orc:2)
  4 deep elf pyromancers (Orc:2)
  2 deep elf zephyrmancers (Orc:2)
  2 wolf spiders
  An orc sorcerer (Orc:2)
  A manticore (D:12)
  6 elephants
  A will-o-the-wisp (Lair:2)
  2 cyclopes (D:11)
  4 black mambas
  11 cane toads
  A gargoyle (D:10)
  An unseen horror (D:12)
  7 komodo dragons
  2 polar bears
  6 trolls
  A hornet (D:7)
  A tarantella (Spider:1)
  6 jumping spiders (Spider:1)
  A slime creature (D:12)
  A vampire (D:11)
  3 shadows (D:10)
  3 culicivoras
  3 wyverns
  4 basilisks
  6 yaks (D:9)
  6 wargs
  A steam dragon (D:8)
  4 redbacks
  3 vampire mosquitoes (D:12)
  An acid dragon (D:12)
  Edmund (D:6)
  9 water moccasins
  5 orc warriors
  An ice beast (D:5)
  2 sky beasts
  2 black bears
  An ogre (D:4)
  4 wolves
  5 centaurs
  9 bullfrogs
  4 scorpions
  3 wights
  10 killer bees
  4 howler monkeys
  4 jellies
  8 orc priests
  5 hounds
  2 iguanas
  3 orc wizards
  A statue (D:9)
  4 gnolls (D:9)
  3 adders
  2 shadow imps
  3 dart slugs
  14 orcs
  2 endoplasms
  A giant cockroach (D:6)
  3 jackals (D:3)
  4 ball pythons
  6 frilled lizards (Sewer)
  2 goblins
  4 kobolds
  3 rats
244 creatures vanquished.

Vanquished Creatures (others)
  A white imp (D:6)
  An orc (Orc:1)
2 creatures vanquished.

Grand Total: 246 creatures vanquished

Notes
Turn   | Place    | Note
-------+----------+-------------------------------------------
     0 | D:1      | PieDemon the Spriggan Hunter began the quest for the Orb.
     0 | D:1      | Reached XP level 1. HP: 10/10 MP: 2/2
   729 | D:3      | Reached XP level 2. HP: 14/14 MP: 3/3
   764 | D:3      | Found a glowing golden altar of the Shining One.
   764 | D:3      | Found an ornate altar of the Wu Jian Council.
  1081 | D:3      | Found a shimmering altar of Xom.
  1334 | D:4      | Found a staircase to the Ecumenical Temple.
  1343 | Temple   | Entered the Ecumenical Temple
  1348 | Temple   | Became a worshipper of Dithmenos the Shadowed
  1376 | D:4      | Noticed a black bear
  1441 | D:4      | Noticed a bullfrog
  1470 | D:4      | Reached XP level 3. HP: 16/18 MP: 4/4
  1589 | D:4      | Noticed a bullfrog
  1593 | D:4      | Noticed an ogre
  1686 | D:4      | Killed a bullfrog
  1687 | D:4      | Reached skill level 5 in Ranged Weapons
  1687 | D:4      | Reached XP level 4. HP: 22/22 MP: 5/5
  1732 | D:4      | Killed an ogre
  1733 | D:4      | Reached XP level 5. HP: 25/25 MP: 6/6
  1816 | D:4      | Reached skill level 5 in Stealth
  1938 | D:4      | Reached skill level 6 in Ranged Weapons
  2297 | D:4      | Reached XP level 6. HP: 30/30 MP: 7/7
  2320 | D:5      | Entered Level 5 of the Dungeon
  2765 | D:5      | Reached skill level 7 in Ranged Weapons
  2765 | D:5      | Reached XP level 7. HP: 33/33 MP: 8/8
  2848 | D:5      | Found Wuqyur's Antique Armour Shop.
  3066 | D:5      | Reached * piety under Dithmenos
  3142 | D:6      | Found a glowing drain.
  3153 | Sewer    | Entered a sewer
  3225 | Sewer    | Found a viscous altar of Jiyva.
  3266 | D:6      | Noticed Jeremiah
  3381 | D:6      | Reached skill level 5 in Dodging
  3454 | D:6      | Found a blossoming altar of Fedhas.
  3575 | D:6      | Reached skill level 8 in Ranged Weapons
  3601 | D:6      | Noticed Edmund
  3640 | D:6      | Killed Edmund
  3641 | D:6      | Reached XP level 8. HP: 39/39 MP: 9/9
  3660 | D:6      | Found an opulent altar of Gozag.
  4359 | D:7      | Noticed a hornet
  4445 | D:7      | Killed a hornet
  4445 | D:7      | Reached ** piety under Dithmenos
  4446 | D:7      | Reached skill level 9 in Ranged Weapons
  5382 | D:8      | Found a bloodstained altar of Trog.
  5382 | D:8      | Found an iron altar of Okawaru.
  5382 | D:8      | Found a white marble altar of Elyvilon.
  5618 | D:8      | Reached XP level 9. HP: 39/42 MP: 10/10
  6280 | D:8      | Found a sparkling altar of Nemelex Xobeh.
  6771 | D:8      | Reached skill level 10 in Stealth
  6800 | D:9      | Noticed Harold
  6803 | D:9      | Reached skill level 10 in Ranged Weapons
  6993 | D:9      | Noticed a troll
  7032 | D:9      | Killed a troll
  7123 | D:9      | Found a radiant altar of Vehumet.
  7164 | D:9      | Learned a level 2 spell: Cigotuvi's Dreadful Rot
  7512 | D:9      | Reached skill level 11 in Ranged Weapons
  7634 | D:9      | Reached XP level 10. HP: 46/46 MP: 11/11
  8276 | D:10     | Entered Level 10 of the Dungeon
  8332 | D:10     | Found a hazy altar of Hepliaklqana.
  8867 | D:10     | Noticed a gargoyle
  8945 | D:10     | Killed a gargoyle
  9025 | D:11     | Noticed a two-headed ogre
  9048 | D:11     | Killed a two-headed ogre
  9049 | D:11     | Reached skill level 12 in Ranged Weapons
  9068 | D:11     | Noticed a manticore
  9368 | D:11     | Noticed a cyclops
  9400 | D:11     | Noticed a cyclops
  9457 | D:11     | Noticed a two-headed ogre
  9484 | D:11     | Killed a two-headed ogre
  9485 | D:11     | Reached skill level 10 in Dodging
  9839 | D:11     | Noticed an elephant
  9845 | D:11     | Killed a cyclops
  9926 | D:11     | Found a staircase to the Lair.
 10018 | D:11     | Killed an elephant
 10035 | Lair:1   | Entered Level 1 of the Lair of Beasts
 10056 | Lair:1   | Noticed a black mamba
 10067 | Lair:1   | Killed a black mamba
 10091 | Lair:1   | Noticed a cane toad
 10215 | Lair:1   | Noticed a cane toad
 10268 | Lair:1   | Killed a cane toad
 10269 | Lair:1   | Reached XP level 11. HP: 50/50 MP: 12/12
 10419 | Lair:1   | Reached skill level 13 in Ranged Weapons
 10480 | Lair:1   | Reached *** piety under Dithmenos
 12444 | Lair:3   | Reached skill level 14 in Ranged Weapons
 12590 | Lair:3   | Found a hole to the Spider Nest.
 12602 | Lair:3   | Noticed a wolf spider
 12764 | Lair:3   | Noticed Nessos
 12766 | Lair:3   | Nessos changed into Nessos the death drake
 12766 | Lair:3   | Noticed Nessos
 13039 | Lair:2   | Found a staircase to the Swamp.
 13057 | Swamp:1  | Entered Level 1 of the Swamp
 13057 | Swamp:1  | Noticed a swamp dragon
 13320 | Lair:3   | Killed a wolf spider
 13365 | Lair:3   | Reached XP level 12. HP: 58/58 MP: 13/13
 13391 | Spider:1 | Entered Level 1 of the Spider Nest
 13391 | Spider:1 | Noticed a broodmother
 13564 | Spider:1 | Reached **** piety under Dithmenos
 13786 | Spider:1 | Noticed a radroach
 13788 | Spider:1 | Reached skill level 15 in Ranged Weapons
 13861 | Spider:1 | Killed a radroach
 14195 | Lair:4   | Noticed an eight-headed hydra
 14212 | Lair:4   | Killed an eight-headed hydra
 14213 | Lair:4   | Reached skill level 5 in Fighting
 14308 | Lair:4   | Noticed a five-headed hydra
 14308 | Lair:4   | Noticed a death yak
 14338 | Lair:4   | Killed a five-headed hydra
 14435 | Lair:4   | Killed a death yak
 14542 | Lair:4   | Noticed a seven-headed hydra
 14550 | Lair:4   | Killed a seven-headed hydra
 14616 | Lair:4   | Noticed a death yak
 14616 | Lair:4   | Noticed a death yak
 14617 | Lair:4   | Noticed a death yak
 14617 | Lair:4   | Noticed a death yak
 14663 | Lair:4   | Killed a death yak
 14760 | Lair:4   | Killed a death yak
 14761 | Lair:4   | Reached skill level 16 in Ranged Weapons
 14772 | Lair:4   | Killed a death yak
 14798 | Lair:4   | Killed a death yak
 14830 | Lair:4   | Found a stormy altar of Qazlal.
 14848 | Lair:4   | Found a staircase to the Slime Pits.
 14896 | Lair:5   | Entered Level 5 of the Lair of Beasts
 15298 | D:11     | Reached XP level 13. HP: 65/65 MP: 14/14
 15333 | D:11     | Found a portal to a secret trove of treasure.
 16194 | D:12     | You fall into a shaft and drop 1 floor!
 18023 | D:9      | Found a staircase to the Orcish Mines.
 18029 | Orc:1    | Entered Level 1 of the Orcish Mines
 18139 | Orc:1    | Found a transporter.
 18145 | Orc:1    | Found a transporter.
 18148 | Orc:1    | Noticed Jokingforfun's ghost (journeyman TeCj)
 18148 | Orc:1    | Noticed Gastronok
 18269 | Orc:2    | Entered Level 2 of the Orcish Mines
 18269 | Orc:2    | Found a staircase to the Elven Halls.
 18830 | Orc:2    | Found Qischemy's Distillery.
 18833 | Orc:2    | Found Epurum's Weapon Boutique.
 18919 | Orc:2    | Reached skill level 17 in Ranged Weapons
 18919 | Orc:2    | Reached skill level 15 in Dodging
 19052 | Orc:1    | Noticed Josephine
 19335 | Orc:2    | Killed from afar by an orc priest

Illustrated notes

Levels and vault maps discovered:
D:1:      amcnicky_arrival_double_pillar, layout_basic,
          chequers_decorated_corner
D:2:      layout_rooms, shapermc_ecumenical_altar_flowoftime
D:3:      layout_loops_ring, xom_butterflies,
          gammafunk_temple_overflow_elements, lightli_corner_chamber
D:4:      minmay_octagon_keep, layout_basic,
          minmay_temple_entry_statues_pillars, serial_co_window_serial,
          co_window_paths_a, co_window_corner_a, co_window_paths_a,
          co_window_paths_b, co_window_of_opportunity_a, co_window_paths_a,
          co_window_paths_a, co_window_unsneaky_path_e,
          co_window_unsneaky_path_b, co_window_cross_3, glass_columns_b,
          glass_columns_a, glass_columns_b
D:5:      layout_rooms, serial_shops, nicolae_shop_tiny_real_fake_doors
D:6:      layout_loops_ring, fedhas_bush_and_centaur_altar,
          mainiacjoe_overflow_brackets, cheibrodos_sewer_entry_drain,
          kennysheep_dice, uniq_edmund, uniq_jeremiah
D:7:      layout_loops_ring
D:8:      layout_basic, nemelex_spade_bored_becter,
          gammafunk_temple_overflow_claw
D:9:      layout_irregular_city, vehumet_statue, kennysheep_generic_room_16,
          uniq_harold
D:10:     layout_roguey, mainiacjoe_overflow_24_doors, minmay_unpleasant_kobolds
D:11:     layout_layer_cave, david_lair_generic,
          nicolae_trove_entry_free_sample, centaur_isle
D:12:     layout_loops_corners
D:13:     layout_basic, david_vaults_1, serial_shops, shop, minivault_10
Temple:   hellmonk_temple_of_storms
Lair:1:   layout_regular_city, beast_lair_carwin_5, infiniplex_staircase_pool
Lair:2:   layout_loops_ring, minmay_swamp_entry_wisps, serial_bayou_shore_a
Lair:3:   layout_long_grid, spider_nest_entry_funnel_web,
          dreamdust_mushroom_princess, uniq_nessos
Lair:4:   layout_misc_corridors, slime_entry_1, basic_altar,
          minmay_shattered_shrine
Lair:5:   minmay_lair_end_enchanted_forest, layout_cave_pods
Swamp:1:  layout_basic_swamp, evilmike_swamp_ruin_house_4
Spider:1: layout_chambers
Spider:2: layout_chambers, gammafunk_ghost_arena
Orc:1:    layout_diamond_mine, gammafunk_ghost_stat_death, uniq_josephine,
          uniq_gastronok
Orc:2:    st_orc_town, layout_diamond_mine, elves_outpost_lemuel

Skill      XL: |  1  2  3  4  5  6  7  8  9 10 11 12 13 |
---------------+----------------------------------------+-----
Stealth        | 2 4 5 6 7 9 11 13 14 | 14.0
Dodging        | 3 5 7 9 10 12 14 15 | 15.1
Ranged Weapons | 5 6 7 8 9 11 12 14 16 17 | 17.2
Fighting       | 2 3 5 6 |  6.0

Action                     |  1- 3 |  4- 6 |  7- 9 | 10-12 | 13-15 || total
---------------------------+-------+-------+-------+-------+-------++-------
   Fire: Shortbow          |    70 |    79 |   377 |       |       ||   526
         Orcbow            |       |       |    62 |   870 |   303 ||  1235
  Evoke: Wand              |       |       |     7 |    15 |     3 ||    25
    Use: Scroll            |       |     3 |     5 |    17 |     4 ||    29
         Potion            |       |       |       |     4 |       ||     4
 Armour: Robe              |    51 |     8 |    55 |    45 |    28 ||   187
  Dodge: Dodged            |   139 |    25 |   223 |   259 |   277 ||   923
  Block: Other             |       |       |       |    45 |       ||    45
